 Dungeon Crawl Stone Soup version 0.30.2 (webtiles) character file.

Game seed: 6087108745332347641

1171 porpoise the Skirmisher (level 8, -3/55 HPs)
             Began as a Human Hunter on Mar 10, 2024.
             Was a Follower of Hepliaklqana.
             Slain by a wyvern zombie (14 damage)
             ... on level 6 of the Dungeon.
             The game lasted 00:12:35 (5503 turns).

porpoise the Skirmisher (Human Hunter)              Turns: 5503, Time: 00:12:36

Health: -3/55      AC:  3    Str: 11    XL:     8   Next: 68%
Magic:  8/8        EV: 17    Int: 10    God:    Hepliaklqana [*.....]
Gold:   242        SH:  0    Dex: 25    Spells: 4/7 levels left

rFire   . . .        a - +1 shortbow
rCold   . . .        (shield currently unavailable)
rNeg    . . .        c - +0 leather armour
rPois   .            (no helmet)
rElec   .            (no cloak)
rCorr   .            (no gloves)
SInv    .            (no boots)
Will    .....        (no amulet)
Stlth   +++          i - +6 ring of dexterity
HPRegen 0.29/turn    p - +5 ring of evasion
MPRegen 0.11/turn

%: no passive effects
@: no status effects
A: reduced essence
a: Renounce Religion, Recall Ancestor, Ancestor Identity


You were on level 6 of the Dungeon.
You worshipped Hepliaklqana.
Hepliaklqana was aware of your devotion.
You visited 1 branch of the dungeon, and saw 6 of its levels.

You collected 242 gold pieces.

Inventory:

Hand Weapons
 a - a +1 shortbow (weapon)
 b - a +1 dagger of venom
 B - a +1 quarterstaff of holy wrath
Missiles
 e - 18 poisoned darts
 j - 6 curare-tipped darts
 t - 3 boomerangs
Armour
 c - a +0 leather armour (worn)
 A - a scarf of shadows
Jewellery
 i - a +6 ring of dexterity (left hand)
 p - a +5 ring of evasion (right hand)
 v - a +6 ring of dexterity
 x - a +6 ring of intelligence
 G - a ring of protection from cold
Wands
 o - a wand of digging (4)
 D - a wand of mindburst (12)
 H - a wand of light (6)
Scrolls
 d - a scroll of magic mapping {unknown}
 f - a scroll of fear {unknown}
 k - a scroll of silence {unknown}
 l - a scroll of enchant armour {unknown}
 q - 2 scrolls of immolation
 r - a scroll of enchant weapon
 s - a scroll of torment
 u - 3 scrolls of identify
 y - 3 scrolls of teleportation
 z - a scroll of blinking {unknown}
 F - a scroll of fog {unknown}
Potions
 g - a potion of resistance
 h - 3 potions of magic
 m - a potion of flight
 n - 2 potions of curing
 w - 4 potions of might
 C - a potion of heal wounds
 E - a potion of haste


   Skills:
 + Level 5.2 Fighting
 * Level 8.1 Ranged Weapons
 - Level 2.0 Dodging
 - Level 5.0 Stealth


You had 4 spell levels left.
You knew the following spells:

 Your Spells              Type           Power      Damage    Failure   Level
a - Portal Projectile     Hex/Tloc       0%         N/A       83%         3

Your spell library contained the following spells:

 Spells                   Type           Power      Damage    Failure   Level
 Slow                     Hex            0%         N/A       45%         1
 Poisonous Vapours        Pois/Air       0%         N/A       58%         2
 Confusing Touch          Hex            0%         N/A       83%         3
 Frozen Ramparts          Ice            0%         1d1       83%         3
 Mephitic Cloud           Conj/Pois/Air  0%         N/A       83%         3
 Stone Arrow              Conj/Erth      0%         3d7       83%         3
 Tukima's Dance           Hex            0%         N/A       83%         3
 Vampiric Draining        Necr           0%         2d6       83%         3
 Animate Armour           Summ/Erth      0%         N/A       99%         4
 Ice Form                 Ice/Tmut       0%         N/A       99%         4
 Summon Ice Beast         Ice/Summ       0%         N/A       99%         4
 Blade Hands              Tmut           0%         N/A       100%        5
 Freezing Cloud           Conj/Ice/Air   0%         6-21      100%        5
 Lehudib's Crystal Spear  Conj/Erth      0%         10d2      100%        8


Dungeon Overview and Level Annotations

Branches:
Dungeon (6/15)
 Temple: D:4-7

Altars:
Ashenzari
Hepliaklqana
Trog
Xom
Yredelemnul

Shops:
D:4 [

Annotations:
D:3 2 runed translucent doors, bob3's ghost, weakling DrBe
D:4 2 runed translucent doors, porpoise's ghost, amateur HOHu
D:5 3 runed translucent doors, porpoise's ghost, novice DjEE


Message History

You shoot an arrow. Nikki avoids your attack.
The arrow hits the wyvern zombie but does no damage.
The wyvern zombie is moderately damaged.
The wyvern zombie bites Nikki.
Nikki hits the wyvern zombie.
The wyvern zombie bites Nikki!
You shoot an arrow. Nikki avoids your attack.
The arrow completely misses the wyvern zombie.
The wyvern zombie barely misses Nikki.
Nikki barely misses the wyvern zombie.
You shoot an arrow. Nikki avoids your attack.
The arrow hits the wyvern zombie.
The wyvern zombie is heavily damaged.
The wyvern zombie bites Nikki!
Nikki is destroyed!
You shoot an arrow. The arrow hits the wyvern zombie.
The wyvern zombie is heavily damaged.
You shoot an arrow.
The arrow hits the wyvern zombie but does no damage.
The wyvern zombie is heavily damaged.
The wyvern zombie bites you! x2
You shoot an arrow. The arrow hits the wyvern zombie.
The wyvern zombie is severely damaged.
The wyvern zombie misses you.
You shoot an arrow.
The arrow hits the wyvern zombie but does no damage.
The wyvern zombie is severely damaged.
The wyvern zombie barely misses you. The wyvern zombie closely misses you.
You shoot an arrow. The arrow hits the wyvern zombie.
The wyvern zombie is almost destroyed.
The wyvern zombie closely misses you.
You shoot an arrow.
The arrow hits the wyvern zombie but does no damage.
The wyvern zombie is almost destroyed.
The wyvern zombie bites you!
You are too injured to fight recklessly!
You are too injured to fight recklessly!
You shoot an arrow. The arrow hits the wyvern zombie.
The wyvern zombie is almost destroyed.
The wyvern zombie bites you!
* * * LOW HITPOINT WARNING * * *
The wyvern zombie bites you!
You die...

. #. .#. .#.##
...# #..# ..# #.#
#Z# ##########@##
##.##...........#
#........#####.##
#..##.##.# ###
#.##(##
#.#...#######
#...........#
###...#####.#
..#####.## #.#


You could see a wyvern zombie.

Vanquished Creatures
  A sky beast (D:4)
  An ogre (D:5)
  A kobold brigand (D:3)
  A phantom (D:4)
  A scorpion (D:5)
  A bullfrog zombie (D:6)
  A hound (D:4)
  An orc priest (D:5)
  A gnoll bouda (D:4)
  An iguana (D:5)
  A sleepcap (D:6)
  Terence (D:2)
  Natasha (D:2)
  An orc wizard (D:4)
  A scorpion zombie (D:3)
  4 adders
  4 gnolls (D:4)
  An ufetubus (D:5)
  2 worms
  4 dart slugs
  9 orcs
  3 bats
  9 endoplasms
  7 giant cockroaches
  6 goblins
  5 hobgoblins
  3 jackals (D:1)
  14 kobolds
  3 quokkas
  4 ball pythons
  A ball python zombie (D:3)
  6 frilled lizards
  A giant cockroach zombie (D:3)
  7 rats
108 creatures vanquished.

Vanquished Creatures (collateral kills)
  Eustachio (D:6)
  An ogre (D:5)
  A kobold brigand (D:6)
  A centaur zombie (D:6)
  An adder (D:6)
  A kobold (D:6)
6 creatures vanquished.

Vanquished Creatures (others)
  An ancestor (D:6)
1 creature vanquished.

Grand Total: 115 creatures vanquished

Notes
Turn   | Place    | Note
-------+----------+-------------------------------------------
     0 | D:1      | porpoise the Human Hunter began the quest for the Orb.
     0 | D:1      | Reached XP level 1. HP: 16/16 MP: 1/1
    82 | D:1      | Reached XP level 2. HP: 22/22 MP: 2/2
   505 | D:1      | Reached XP level 3. HP: 28/28 MP: 3/3
   916 | D:2      | Reached XP level 4. HP: 34/34 MP: 4/4
   922 | D:2      | Learned a level 3 spell: Portal Projectile
   959 | D:2      | Found a basalt altar of Yredelemnul.
  1256 | D:2      | Reached skill level 5 in Ranged Weapons
  1259 | D:2      | Noticed Natasha
  1263 | D:2      | Noticed Terence
  1273 | D:2      | Killed Terence
  1274 | D:2      | Reached XP level 5. HP: 29/40 MP: 5/5
  1292 | D:2      | Killed Natasha
  1697 | D:3      | Found a large runed translucent door.
  1697 | D:3      | Found a large runed translucent door.
  1707 | D:3      | Noticed bob3's ghost (weakling DrBe)
  1790 | D:3      | Found a shimmering altar of Xom.
  1865 | D:3      | Found a basalt altar of Yredelemnul.
  2160 | D:4      | Noticed a kobold brigand
  2160 | D:4      | Found a runed translucent door.
  2176 | D:3      | Killed a kobold brigand
  2177 | D:3      | Reached XP level 6. HP: 5/47 MP: 6/6
  2694 | D:4      | Reached skill level 6 in Ranged Weapons
  2769 | D:4      | Reached XP level 7. HP: 36/53 MP: 7/7
  2999 | D:4      | Found a hazy altar of Hepliaklqana.
  3007 | D:4      | Became a worshipper of Hepliaklqana the Forgotten
  3054 | D:4      | Found a bloodstained altar of Trog.
  3386 | D:4      | Found a runed translucent door.
  3393 | D:4      | Noticed porpoise's ghost (amateur HOHu)
  3413 | D:4      | Found Zaleen's Armour Boutique.
  4009 | D:5      | Entered Level 5 of the Dungeon
  4277 | D:5      | Reached skill level 7 in Ranged Weapons
  4388 | D:5      | Reached XP level 8. HP: 54/61 MP: 8/8
  4497 | D:5      | Found a broken altar of Ashenzari.
  4503 | D:5      | Reached * piety under Hepliaklqana
  4646 | D:5      | Found a runed translucent gate.
  4647 | D:5      | Found a runed translucent gate.
  4647 | D:5      | Found a runed translucent gate.
  4648 | D:5      | Noticed porpoise's ghost (novice DjEE)
  5067 | D:6      | Noticed Eustachio
  5344 | D:6      | Reached skill level 5 in Stealth
  5396 | D:6      | Killed Eustachio
  5397 | D:6      | Reached skill level 5 in Fighting
  5397 | D:6      | Reached skill level 8 in Ranged Weapons
  5503 | D:6      | Slain by a wyvern zombie

Illustrated notes

Levels and vault maps discovered:
D:1:      eino_arrival_cavern_d, layout_basic, chequers_serial_rivers_small_3
D:2:      layout_basic, minmay_hexomino_r4, uniq_natasha, uniq_terence
D:3:      layout_rooms, nicolae_yredelemnul_corpse_copse,
          mainiacjoe_overflow_concentric_impassable, ebering_ghost_disaster_area
D:4:      layout_layer_cave, mainiacjoe_overflow_surrounded_room,
          mainiacjoe_overflow_small_starburst, serial_shops,
          nicolae_shop_just_a_little_nook, ebering_ghost_sewer_f,
          nicolae_kite_square_tiling_tiny, minmay_splitting_lines
D:5:      layout_loops_ring, general_overflow_altar, ebering_ghost_rock_garden,
          moated_statue
D:6:      layout_loops_ring, serial_undead, serial_undead_d, serial_undead_a,
          serial_undead_c, serial_undead_a, uniq_eustachio

Skill      XL: |  1  2  3  4  5  6  7  8 |
---------------+-------------------------+-----
Stealth        | 2 3 4 5 |  5.0
Ranged Weapons | 5 6 7 8 |  8.1
Fighting       | 3 4 5 |  5.2
Dodging        | |  2.0

Action                     |  1- 3 |  4- 6 |  7- 9 || total
---------------------------+-------+-------+-------++-------
  Melee: Dagger            |       |    24 |    19 ||    43
   Fire: Shortbow          |    81 |   144 |   135 ||   360
 Invoke: Recall Ancestor   |       |       |     1 ||     1
         Ancestor Identity |       |       |     1 ||     1
    Use: Scroll            |     3 |     2 |     6 ||    11
         Potion            |       |     1 |       ||     1
 Armour: Leather armour    |     9 |     4 |     1 ||    14
  Dodge: Dodged            |    24 |    70 |    50 ||   144
